 Dungeon Crawl Stone Soup version 0.21.0-3-g78d12a8 (console) character file.

18872 removed the Cruncher (level 12, 100/100 HPs)
             Began as a Demigod Wizard on Jan 15, 2018.
             Quit the game on level 1 of the Lair of Beasts on Jan 16, 2018.
             The game lasted 00:48:31 (20320 turns).

removed the Cruncher (Demigod Wizard)              Turns: 20320, Time: 00:48:31

Health: 100/100    AC:  9    Str: 10    XL:     12   Next: 5%
Magic:  34/42      EV: 17    Int: 32    God:
Gold:   89         SH:  5    Dex: 16    Spells: 16/25 levels left

rFire    . . .     SeeInvis .   a - staff of power
rCold    . . .     Gourm    .   (no shield)
rNeg     + . .     Faith    .   A - +1 robe {rN+}
rPois    .         Spirit   .   U - +2 helmet
rElec    .         Reflect  +   J - scarf {repulsion}
rCorr    .         Harm     .   G - +2 pair of gloves {archery}
MR       +....                  (no boots)
Stlth    ++........             h - +5 amulet of reflection
HPRegen  0.26/turn              k - +2 ring of intelligence
MPRegen  0.28/turn              l - +2 ring of dexterity

@: repel missiles
A: high mp 1
a: no special abilities


You were on level 1 of the Lair of Beasts.
You were not hungry.

You visited 2 branches of the dungeon, and saw 13 of its levels.
You also visited: Ossuary.

You collected 690 gold pieces.
You spent 601 gold pieces at shops.

Inventory:

Hand Weapons
 b - a +2 lajatang of electrocution
 g - a +0 club
 j - a +0 blowgun
 R - a +4 trident of freezing
Missiles
 Q - 9 curare-tipped needles
Armour
 A - a +1 robe of positive energy (worn)
 G - a +2 pair of gloves of archery (worn)
 J - a scarf of repulsion (worn)
 U - a +2 helmet (worn)
Magical Staves
 a - an uncursed staff of power (weapon)
 L - an uncursed staff of death
Jewellery
 h - a +5 amulet of reflection (around neck)
 k - a +2 ring of intelligence (left hand)
 l - a +2 ring of dexterity (right hand)
 r - an uncursed ring of positive energy
 v - an uncursed ring of flight
 W - an uncursed ring of resist corrosion
 X - an uncursed ring of ice
Wands
 x - a wand of iceblast (19)
 z - a wand of paralysis (17)
 B - a wand of acid (4)
 C - a wand of polymorph (4)
Scrolls
 e - 5 scrolls of teleportation
 q - 3 scrolls of amnesia
 y - a scroll of fear
 S - 4 scrolls of immolation
 V - 3 scrolls of random uselessness
 Y - a scroll of blinking
Potions
 f - a potion of ambrosia
 m - 3 potions of brilliance
 n - a potion of haste
 u - a potion of degeneration
 w - 3 potions of flight
 F - 2 potions of agility
 I - 4 potions of mutation
 K - a potion of magic
 M - a potion of lignification
 N - 4 potions of curing
 O - 4 potions of might
 P - a potion of heal wounds
 T - a potion of berserk rage
Books
 c - a book of Minor Magic

   Spells                             Type                      Level
   a - Magic Dart                     Conjuration                  1
   b - Blink                          Translocation                2
   c - Call Imp                       Summoning                    2
   d - Slow                           Hexes                        2
   e - Conjure Flame                  Conjuration/Fire             3
   f - Mephitic Cloud                 Conjuration/Poison/Air       3
 Z - a book of Callings

   Spells                             Type                      Level
   a - Summon Small Mammal            Summoning                    1
   b - Call Imp                       Summoning                    2
   c - Call Canine Familiar           Summoning                    3
   d - Summon Guardian Golem          Hexes/Summoning              3
   e - Summon Lightning Spire         Summoning/Air                4
   f - Summon Ice Beast               Ice/Summoning                4
Miscellaneous
 E - a phial of floods
Comestibles
 d - 17 rations
 H - 10 chunks of flesh


   Skills:
 - Level 7.0 Fighting
 + Level 11.3 Staves
 - Level 7.0 Dodging
 - Level 1.7 Stealth
 - Level 7.2 Spellcasting
 - Level 9.0 Conjurations
   Level 0.8 Summonings
 - Level 0.8 Translocations


You had 16 spell levels left.
You knew the following spells:

 Your Spells              Type           Power        Failure   Level  Hunger
a - Magic Dart            Conj           ####         1%          1    None
b - Conjure Flame         Conj/Fire      #####...     1%          3    None
l - Blink                 Tloc           N/A          4%          2    None
m - Mephitic Cloud        Conj/Pois/Air  ####....     3%          3    None


Dungeon Overview and Level Annotations

Branches:
Dungeon (12/15)            Temple (0/1) D:6            Lair (1/6) D:10
    Orc: D:9-12

Shops:
D:6 *   D:7 [   D:9 [


Innate Abilities, Weirdness & Mutations

You have an increased reservoir of magic. (+10% MP)


Message History

You can't see any susceptible monsters within range! (Use Z to cast anyway.)
You see here a bullfrog corpse.
You butcher the bullfrog corpse.
H - 10 chunks of flesh (gained 4)
You open the door.
There is an open door here.
A bullfrog comes into view.
The bullfrog croaks.
A bullfrog is nearby!
Casting: Magic Dart
Confirm with . or Enter, or press ? or * to list all spells.
Aiming: Magic Dart
Press: ? - help, Shift-Dir - straight line, f - bullfrog
Aim: a bullfrog The magic dart hits the bullfrog.
The bullfrog is moderately wounded.
Saving game... please wait.
Welcome back, removed the Demigod Wizard.
Press ? for a list of commands and other information.
Are you sure you want to abandon this character and quit the game? (Confirm with "yes".)

...# ...## # ....#.. F...... ###
....... ###P###.......
###............. #.#.#.##@#..##.
###.#'#.#### # ##.#......##
##..........# ##....#####.....
####....##...#.....
#.#..##.........##.
##...#...♣...♣...#..#.♣.≈≈≈≈≈....
#....#.....>.....#..+..≈≈.≈≈≈...≈


You could see a bullfrog.

Vanquished Creatures
  A hydra (Lair:1)
  Erica (D:11)
  6 two-headed ogres
  Nergalle (D:11)
  Sonja (D:11)
  An unseen horror (D:10)
  2 ugly things (D:11)
  A cyclops (D:7)
  Psyche (D:9)
  A gargoyle (D:11)
  A komodo dragon (Lair:1)
  A troll (D:11)
  2 hippogriffs
  Grinder (D:5)
  4 water elementals (D:10)
  9 yaks
  Grum (D:11)
  A steam dragon (D:12)
  2 water moccasins
  A hell hound (D:10)
  4 sky beasts
  7 orc warriors
  An ice beast (D:10)
  A phantom (D:8)
  3 black bears
  4 necrophages (D:7)
  2 wolves (D:11)
  4 ogres
  5 centaurs
  A crocodile (D:12)
  Blork the orc (D:4)
  An elf zombie (Ossuary)
  7 bullfrogs
  A big kobold (D:11)
  5 scorpions
  8 killer bees
  3 howler monkeys (D:9)
  14 wights
  9 crimson imps
  2 centaur zombies
  3 bullfrog zombies
  2 centaur skeletons (D:6)
  7 jellies
  A bullfrog skeleton (D:11)
  6 orc priests
  A hound (D:7)
  Ijyb (D:3)
  Jessica (D:3)
  Terence (D:3)
  Natasha (thrice) (D:4)
  2 iguanas
  6 orc wizards
  5 worker ants
  2 big kobold zombies (Ossuary)
  2 mummies (Ossuary)
  2 hound skeletons (D:11)
  8 gnolls
  9 adders
  4 shadow imps
  8 oozes
  7 adder zombies
  An adder skeleton (D:4)
  3 worms
  2 dart slugs
  4 leopard geckos
  48 orcs
  4 bats
  4 giant cockroaches
  12 goblins
  13 hobgoblins
  3 jackals (D:2)
  10 kobolds
  7 quokkas
  A ball python (D:3)
  2 frilled lizards
  A goblin zombie (Ossuary)
  8 hobgoblin zombies
  8 kobold zombies (Ossuary)
  11 orc zombies (Ossuary)
  5 rats
  2 rat zombies (Ossuary)
352 creatures vanquished.

Vanquished Creatures (collateral kills)
  A hell hound (D:10)
  An orc priest (D:9)
2 creatures vanquished.

Vanquished Creatures (others)
  A kobold (D:11)
1 creature vanquished.

Grand Total: 355 creatures vanquished

Notes
Turn   | Place    | Note
-------+----------+-------------------------------------------
     0 | D:1      | removed the Demigod Wizard began the quest for the Orb.
     0 | D:1      | Reached XP level 1. HP: 14/14 MP: 6/6
    15 | D:1      | Reached skill level 1 in Conjurations
   793 | D:1      | Reached XP level 2. HP: 9/20 MP: 0/8
  1014 | D:1      | Learned a level 2 spell: Blink
  1404 | D:2      | Reached XP level 3. HP: 26/26 MP: 4/9
  1641 | D:2      | Found a shattered altar of Ashenzari.
  2033 | D:2      | Reached XP level 4. HP: 33/33 MP: 3/10
  2417 | D:2      | Learned a level 3 spell: Conjure Flame
  2976 | D:3      | Noticed Jessica
  2982 | D:3      | Killed Jessica
  3025 | D:3      | Noticed Terence
  3071 | D:3      | Killed Terence
  3071 | D:3      | Reached XP level 5. HP: 38/38 MP: 1/11
  3181 | D:3      | Reached skill level 5 in Conjurations
  3321 | D:3      | Learned a level 3 spell: Mephitic Cloud
  3585 | D:3      | Noticed Ijyb
  3613 | D:3      | Killed Ijyb
  4057 | D:4      | Noticed Natasha
  4076 | D:4      | Killed Natasha
  4151 | D:4      | Noticed Robin
  4157 | D:4      | Reached XP level 6. HP: 44/45 MP: 5/13
  4210 | D:4      | Noticed Robin
  4210 | D:4      | Robin changed into Robin the bat
  4219 | D:4      | Killed Robin the bat
  4295 | D:4      | Found a sand-covered staircase.
  4307 | Ossuary  | Entered an ossuary
  5108 | D:4      | Noticed Blork the orc
  5117 | D:4      | Killed Blork the orc
  5117 | D:4      | Reached XP level 7. HP: 50/50 MP: 5/15
  5219 | D:4      | Noticed Natasha
  5221 | D:4      | Killed Natasha
  5429 | D:4      | Found an ancient bone altar of Kikubaaqudgha.
  5537 | D:4      | Noticed Natasha
  5540 | D:4      | Killed Natasha
  5646 | D:4      | Found a sacrificial altar of Ru.
  5785 | D:5      | Entered Level 5 of the Dungeon
  5813 | D:5      | Noticed Grinder
  6375 | D:5      | Found a hide-covered altar of Uskayaw.
  6735 | D:5      | Found an opulent altar of Gozag.
  6755 | D:5      | Reached skill level 5 in Spellcasting
  6908 | D:5      | Reached skill level 1 in Fighting
  6920 | D:5      | Reached XP level 8. HP: 56/61 MP: 2/19
  8445 | D:6      | Found Hikhlepp's Serpentskin Sales.
  8737 | D:6      | Found a staircase to the Ecumenical Temple.
  8847 | D:7      | Found a snail-covered altar of Cheibriados.
  8848 | D:7      | Noticed a cyclops
  8849 | D:7      | Found a glowing silver altar of Zin.
  8871 | D:7      | Reached skill level 5 in Dodging
  8987 | D:7      | Found a transporter.
  8999 | D:7      | Found a transporter.
  9018 | D:7      | Noticed a two-headed ogre
  9032 | D:7      | Killed a two-headed ogre
  9032 | D:7      | Reached XP level 9. HP: 72/72 MP: 18/20
  9242 | D:7      | Found a stormy altar of Qazlal.
  9425 | D:7      | Reached skill level 5 in Fighting
  9695 | D:7      | Found Aruser's Antique Armour Emporium.
 11900 | D:9      | Noticed a two-headed ogre
 11925 | D:9      | Killed a two-headed ogre
 11925 | D:9      | Reached XP level 10. HP: 84/86 MP: 23/23
 12220 | D:9      | HP: 3/86 [orc warrior/tomahawk (5)]
 12721 | D:9      | Noticed Psyche
 12733 | D:9      | Killed Psyche
 12942 | D:9      | Found Isetaorr's Antique Armour Shoppe.
 13925 | D:10     | Entered Level 10 of the Dungeon
 14194 | D:10     | Killed an unseen horror
 14194 | D:10     | Reached skill level 2 in Staves
 14668 | D:10     | Noticed a two-headed ogre
 14688 | D:9      | Reached skill level 3 in Staves
 15091 | D:10     | Killed a two-headed ogre
 15091 | D:10     | Reached skill level 4 in Staves
 15544 | D:10     | Reached skill level 5 in Staves
 15770 | D:10     | Reached XP level 11. HP: 87/92 MP: 26/26
 15878 | D:10     | Got a pitted trident
 15879 | D:10     | Identified the +5 trident of Fragile Peace {flame, rC- rN+ Str+5 SInv} (You found it on level 10 of the Dungeon)
 15986 | D:10     | Found a staircase to the Lair.
 16259 | D:5      | Killed Grinder
 16427 | D:7      | Reached skill level 6 in Staves
 16591 | D:11     | Noticed a two-headed ogre
 16648 | D:10     | Killed a two-headed ogre
 16648 | D:10     | Reached skill level 7 in Staves
 16978 | D:11     | Noticed Grum
 17024 | D:11     | Noticed Sonja
 17046 | D:11     | Noticed Erica
 17049 | D:11     | Noticed a two-headed ogre
 17602 | D:12     | Noticed a two-headed ogre
 17632 | D:11     | Killed a two-headed ogre
 17632 | D:11     | Reached skill level 8 in Staves
 17850 | D:11     | Killed Erica
 18015 | D:11     | Reached skill level 9 in Staves
 18093 | D:11     | Killed Grum
 18376 | D:11     | HP: 1/92 [yak (16)]
 18821 | D:11     | Noticed Nergalle
 18872 | D:11     | Killed Nergalle
 18930 | D:11     | Killed Sonja
 18930 | D:11     | Reached skill level 10 in Staves
 19541 | D:11     | Killed a two-headed ogre
 19945 | D:9      | Bought a pair of glowing gloves for 187 gold pieces
 19951 | D:9      | Bought an opalescent robe for 142 gold pieces
 19961 | D:9      | Identified the cursed +0 robe "Yranipyl" {rN+ rCorr Int-2} (You bought it in a shop on level 9 of the Dungeon)
 20024 | D:7      | Bought a glowing scarf for 272 gold pieces
 20110 | Lair:1   | Entered Level 1 of the Lair of Beasts
 20195 | Lair:1   | Noticed a five-headed hydra
 20204 | Lair:1   | Killed a five-headed hydra
 20204 | Lair:1   | Reached skill level 11 in Staves
 20204 | Lair:1   | Reached XP level 12. HP: 85/100 MP: 27/27
 20320 | Lair:1   | Quit the game

Skill      XL: |  1  2  3  4  5  6  7  8  9 10 11 |
---------------+----------------------------------+-----
Conjurations   | 2 3 4 5 6 7 9 |  9.0
Spellcasting   | 3 5 6 7 |  7.2
Fighting       | 2 4 7 |  7.0
Dodging        | 6 7 |  7.0
Staves         | 5 11 | 11.3
Stealth        | |  1.7
Summonings     | |  0.8
Translocations | |  0.8

Action                   |  1- 3 |  4- 6 |  7- 9 | 10-12 || total
-------------------------+-------+-------+-------+-------++-------
Melee: Trident           |       |    87 |    18 |     1 ||   106
       Staff             |       |       |     6 |     7 ||    13
       Dire flail        |       |       |     2 |     9 ||    11
       Lajatang          |       |       |       |   106 ||   106
 Cast: Magic Dart        |    76 |   165 |   494 |   643 ||  1378
       Conjure Flame     |       |    20 |    33 |    42 ||    95
       Mephitic Cloud    |       |     3 |     8 |    22 ||    33
       Blink             |       |     9 |     5 |    27 ||    41
Evoke: Wand              |       |     3 |     3 |     8 ||    14
       Phial of floods   |       |       |       |     1 ||     1
  Use: Scroll            |     2 |     7 |     6 |    13 ||    28
       Potion            |       |     1 |       |     1 ||     2
 Stab: Confused          |       |     1 |     1 |     5 ||     7
       Paralysed         |       |       |       |     2 ||     2
  Eat: Chunk             |     2 |     9 |    14 |    15 ||    40
       Ration            |       |     1 |     2 |     3 ||     6
Armor: Robe              |       |    21 |    21 |    41 ||    83
Dodge: Dodged            |     7 |    61 |    86 |   237 ||   391
Block: Other             |     3 |    19 |    32 |    73 ||   127
       Reflection        |     2 |       |     4 |     5 ||    11
